 Dungeon Crawl Stone Soup version 0.22.2-1-ge965b3aba3 (webtiles) character file.

25 Kziril the Skirmisher (level 2, -3/25 HPs)
             Began as a Demonspawn Abyssal Knight on May 28, 2019.
             Was a Follower of Lugonu.
             Slain by an ogre
             ... wielding a +0 giant club
              (8 damage)
             ... on level 2 of the Dungeon.
             The game lasted 00:07:41 (701 turns).

Kziril the Skirmisher (Demonspawn Abyssal Knight)    Turns: 701, Time: 00:07:41

Health: -3/25      AC: 13    Str: 12    XL:     2   Next: 86%
Magic:  3/3        EV:  3    Int: 13    God:    Lugonu [*.....]
Gold:   76         SH:  0    Dex: 12    Spells: 1/1 levels left

rFire    . . .     SeeInvis .   n - +1 mace (drain)
rCold    . . .     Gourm    .   (no shield)
rNeg     . . .     Faith    .   l - +0 plate armour
rPois    .         Spirit   .   (no helmet)
rElec    .         Reflect  .   (no cloak)
rCorr    .         Harm     .   i - +2 pair of gloves
MR       .....                  (no boots)
Stlth    ..........             j - amulet of regeneration
HPRegen  0.48/turn              (no ring)
MPRegen  0.08/turn              (no ring)

@: no status effects
A: powered by death 1
a: Depart the Abyss, Renounce Religion


You were on level 2 of the Dungeon.
You worshipped Lugonu.
Lugonu was aware of your devotion.
You were not hungry.

You visited 1 branch of the dungeon, and saw 2 of its levels.
You visited the Abyss 1 time.

You collected 76 gold pieces.

Inventory:

Hand Weapons
 a - a +1 falchion
 n - a +1 mace of draining (weapon)
Armour
 e - a +0 robe
 g - a +0 robe
 i - a +2 pair of gloves (worn)
 l - a +0 plate armour (worn)
Jewellery
 b - an uncursed amulet of magic regeneration
 j - an amulet of regeneration (around neck)
 m - an uncursed ring of magical power {unknown}
Scrolls
 f - 2 scrolls of enchant weapon
 h - 4 scrolls of identify
Potions
 d - 2 potions of haste {unknown}
 k - 2 potions of curing {unknown}
Comestibles
 c - 5 rations


   Skills:
 + Level 3.7 Fighting
 + Level 2.1 Long Blades
 + Level 2.0 Armour
 + Level 0.9 Dodging
 + Level 2.4 Invocations


You had one spell level left.
You didn't know any spells.
Your spell library was empty.

Dungeon Overview and Level Annotations

Branches:
Dungeon (2/15)

Altars:


Innate Abilities, Weirdness & Mutations

You regenerate a little health from kills.


Message History

The ogre is too close now for your liking.
You hit the ogre. You drain the ogre!
The ogre is lightly wounded.
The ogre completely misses you.
You closely miss the ogre.
The ogre is lightly wounded.
The ogre hits you but does no damage.
You hit the ogre. You drain the ogre!
The ogre is moderately wounded.
The ogre hits you with a giant club.
You thump the ogre!
The ogre is severely wounded.
The ogre hits you with a giant club!
Ouch! That really hurt!
* * * LOW HITPOINT WARNING * * *
As you read the scroll labeled XIZOEG ELOBIE, it crumbles to dust.
It is a scroll of identify.
f - 2 scrolls of enchant weapon The ogre hits you with a giant club!
You die...

.##... #)..
......#####.....
...............#
............#..##
.........# ....
.##...##.# #..#
..... #.# #..# ####
#.####..# #...O@..#
####
######[####...###
#.##........
#########.##........
....................
#########.##........
##...#......#
#....†<#... ##...###
..


You could see an ogre.

Vanquished Creatures
  An ooze (D:1)
  A dart slug (D:1)
  A leopard gecko (D:1)
  4 bats (D:1)
  A giant cockroach (D:1)
  2 goblins (D:1)
  A hobgoblin (D:1)
  A frilled lizard (D:1)
  3 kobolds (D:1)
  4 rats
19 creatures vanquished.

Notes
Turn   | Place    | Note
-------+----------+-------------------------------------------
     0 | Abyss:1  | Kziril the Demonspawn Abyssal Knight began the quest for
                  | the Orb.
     0 | Abyss:1  | Reached XP level 1. HP: 18/18 MP: 2/2
     2 | Abyss:1  | Found a corrupted altar of Lugonu.
    65 | Abyss:1  | Noticed a smoke demon
    71 | D:1      | Escaped the Abyss
   134 | D:1      | Gained mutation: You regenerate a little health from kills.
                  | [demonic ancestry]
   134 | D:1      | Reached XP level 2. HP: 17/24 MP: 3/3
   286 | D:1      | Reached * piety under Lugonu
   688 | D:2      | Noticed an ogre
   701 | D:2      | Slain by an ogre

Skill      XL: |  1  2 |
---------------+-------+-----
Long Blades    | 2 |  2.1
Armour         | 2 |  2.0
Fighting       | |  3.7
Dodging        | |  0.9
Invocations    | |  2.4

Action                   || total
-------------------------++-------
Melee: Falchion          ||    45
       Mace              ||     5
Invok: Depart the Abyss  ||     1
  Use: Scroll            ||     1
Armor: Leather armour    ||    14
       Plate armour      ||     2
Dodge: Dodged            ||    28
       Rpst.: Falchion   ||    10
